 Dungeon Crawl Stone Soup version 0.23-a0-677-g07611c5 (webtiles) character file.

2233 Blackhawk the Skirmisher (level 9, -2/71 HPs)
             Began as a Demonspawn Fighter on Jan 9, 2019.
             Was an Initiate of Okawaru.
             Slain by a death yak (10 damage)
             ... on level 7 of the Dungeon.
             The game lasted 00:12:08 (8007 turns).

Blackhawk the Skirmisher (Demonspawn Fighter)       Turns: 8007, Time: 00:12:09

Health: -2/71      AC: 18    Str: 19    XL:     9   Next: 14%
Magic:  18/18      EV:  5    Int: 10    God:    Okawaru [......]
Gold:   354        SH: 11    Dex: 17    Spells: 8/8 levels left

rFire    . . .     SeeInvis .   D - +3 hand axe of Vumitu {chop, *Contam +Rage rElec rN+} (curse)
rCold    . . .     Gourm    +   c - +0 shield
rNeg     + . .     Faith    .   w - +0 chain mail
rPois    .         Spirit   .   (no helmet)
rElec    +         Reflect  .   z - +2 cloak
rCorr    +         Harm     .   (no gloves)
MR       .....                  t - +0 pair of boots
Stlth    ..........             k - amulet of the gourmand
HPRegen  0.21/turn              n - ring of magical power
MPRegen  0.16/turn              y - +4 ring of dexterity

@: no status effects
A: yellow scales 3, demonic guardian 2
a: Renounce Religion, Evoke Berserk Rage


You were on level 7 of the Dungeon.
You worshipped Okawaru.
Okawaru was noncommittal.
You were very full.

You visited 1 branch of the dungeon, and saw 8 of its levels.

You collected 354 gold pieces.

Inventory:

Hand Weapons
 a - a +0 war axe
 D - the cursed +3 hand axe of Vumitu (weapon) {chop, *Contam +Rage rElec rN+}
   (You found it on level 5 of the Dungeon)

   It inflicts extra damage upon your enemies.
   It insulates you from electricity.
   It protects you from negative energy.
   It lets you go berserk.
   It causes magical contamination when unequipped.
   It has a curse placed upon it.
Armour
 c - a +0 shield (worn)
 t - a +0 pair of boots (worn)
 w - a +0 chain mail (worn)
 z - a +2 cloak (worn)
 G - a scarf of cloud immunity
 J - the cursed +0 cloak "Edutula" {Dex+4}
   (You found it on level 7 of the Dungeon)

   It affects your dexterity (+4).
   It has a curse placed upon it.
Jewellery
 k - an amulet of the gourmand (around neck)
 n - a ring of magical power (left hand)
 y - a +4 ring of dexterity (right hand)
Wands
 A - a wand of random effects (14)
 B - a wand of flame (8)
 H - a wand of scattershot (4)
Scrolls
 h - 5 scrolls of teleportation {unknown}
 i - 4 scrolls of amnesia {unknown}
 m - 2 scrolls of magic mapping {unknown}
 o - a scroll of noise {unknown}
 r - 3 scrolls of enchant armour {unknown}
 s - a scroll of enchant weapon {unknown}
 v - 2 scrolls of remove curse
 x - a scroll of fog
 C - a scroll of blinking {unknown}
Potions
 b - a potion of ambrosia
 d - 2 potions of might
 e - a potion of cancellation {unknown}
 g - 5 potions of lignification
 l - a potion of degeneration
 p - a potion of berserk rage
 u - 5 potions of curing
 E - 2 potions of brilliance {unknown}
 F - 2 potions of haste {unknown}
 I - a potion of flight {unknown}
Comestibles
 f - 23 rations


   Skills:
 + Level 6.8 Fighting
 + Level 5.8 Axes
 + Level 6.2 Armour
 + Level 6.1 Shields


You had 8 spell levels left.
You didn't know any spells.
Your spell library contained the following spells:

 Spells                   Type           Power        Failure   Level  Hunger
 Shock                    Conj/Air       #...         100%        1    ##.....
 Swiftness                Chrm/Air       #.......     100%        2    ###....
 Static Discharge         Conj/Air       #.......     100%        3    ####...
 Airstrike                Air            #.........   100%        4    #####..
 Lightning Bolt           Conj/Air       #.........   100%        5    ######.


Dungeon Overview and Level Annotations

Branches:
Dungeon (8/15)             Temple (0/1) D:7            Lair (0/6) D:8

Altars:
Fedhas
Gozag
Okawaru
Ru
Sif Muna
Vehumet

Shops:
D:4 *

Annotations:
D:2 1 runed door


Innate Abilities, Weirdness & Mutations

You are completely covered in yellow scales. (AC +4, rCorr)
A demonic guardian rushes to your aid.


Message History

The death yak gores you but does no damage.
The death yak gores you!! The death yak gores you!
* * * LOW HITPOINT WARNING * * *
You block the death yak's attack. The death yak completely misses you.
The death yak gores you!
* * * LOW HITPOINT WARNING * * *
There is a stone staircase leading up, spattered with blood here.
The death yak gores you.
* * * LOW HITPOINT WARNING * * *
The death yak gores you but does no damage.
The death yak completely misses you. The death yak barely misses you.
You block the death yak's attack. The death yak barely misses you.
The death yak gores you but does no damage.
You climb upwards.
There is a stone staircase leading down here.
You feel much better. You block the death yak's attack.
The death yak gores you!!
* * * LOW HITPOINT WARNING * * *
The death yak gores you!
You die...

#..#..#.##............
#######.##......##.###
#.#..#......##..##
#.##.#............
#.##........######
#.###.......#..#.#
#Y###..........#.#
#YYY...........#.#
#@YYY.......#....#
######......######
#............
#......#..###
#......##.#
##..#####.## ##.##
#..## #..# ##..#
#######.## #..#


You could see 7 death yaks.

Vanquished Creatures
  3 hogs (D:7)
  An ice beast (D:5)
  An orc warrior (D:7)
  An ogre (D:4)
  A bullfrog (D:6)
  2 scorpions
  3 crimson imps
  A bullfrog zombie (D:5)
  4 hounds
  2 orc priests
  A bullfrog skeleton (D:5)
  A centaur skeleton (D:4)
  Terence (D:2)
  Ijyb (D:5)
  An orc wizard (D:4)
  4 worker ants
  A mummy (D:7)
  9 adders
  13 gnolls
  A shadow imp (D:5)
  2 adder skeletons
  4 worms
  A dart slug (D:2)
  5 leopard geckos
  11 orcs
  A ball python (D:3)
  5 bats
  A bat skeleton (D:2)
  A bat zombie (D:2)
  7 giant cockroaches
  5 goblins
  4 hobgoblins
  4 jackals (D:6)
  7 kobolds
  2 quokkas
  4 frilled lizards
  A hobgoblin zombie (D:7)
  A jackal skeleton (D:2)
  2 kobold zombies (D:7)
  3 leopard gecko skeletons (D:4)
  A leopard gecko zombie (D:2)
  An orc zombie (D:7)
  2 quokka skeletons
  A quokka zombie (D:7)
  10 rats
138 creatures vanquished.

Vanquished Creatures (collateral kills)
  A human (D:7)
  A hog (D:7)
  Edmund (D:4)
  Duvessa (D:5)
  A necrophage (D:7)
  A phantom (D:5)
  A bullfrog (D:6)
  Dowan (D:5)
  A hound (D:8)
  A centaur skeleton (D:4)
  2 orc wizards (D:6)
  A worker ant zombie (D:5)
  4 gnolls (D:7)
  An adder (D:6)
  An orc (D:7)
19 creatures vanquished.

Grand Total: 157 creatures vanquished

Notes
Turn   | Place    | Note
-------+----------+-------------------------------------------
     0 | D:1      | Blackhawk the Demonspawn Fighter began the quest for the
                  | Orb.
     0 | D:1      | Reached XP level 1. HP: 18/18 MP: 1/1
    65 | D:1      | Found a blossoming altar of Fedhas.
   157 | D:1      | Gained mutation: You are partially covered in yellow
                  | scales. (AC +2) [demonic ancestry]
   157 | D:1      | Reached XP level 2. HP: 23/24 MP: 2/2
   906 | D:2      | Reached XP level 3. HP: 19/29 MP: 3/3
  1439 | D:2      | Gained mutation: You are mostly covered in yellow scales.
                  | (AC +3) [demonic ancestry]
  1439 | D:2      | Reached XP level 4. HP: 33/35 MP: 4/4
  1965 | D:2      | Found a deep blue altar of Sif Muna.
  1978 | D:2      | Noticed Terence
  1985 | D:2      | Killed Terence
  2056 | D:2      | Found a runed door.
  2596 | D:3      | Gained mutation: A weak demonic guardian rushes to your
                  | aid. [demonic ancestry]
  2596 | D:3      | Reached XP level 5. HP: 42/42 MP: 5/5
  2820 | D:3      | Found a radiant altar of Vehumet.
  3221 | D:4      | Found Iromoes's Assorted Antiques.
  3543 | D:4      | Noticed an ogre
  3547 | D:4      | Killed an ogre
  3547 | D:4      | Gained mutation: A demonic guardian rushes to your aid.
                  | [demonic ancestry]
  3547 | D:4      | Reached XP level 6. HP: 47/48 MP: 6/6
  3636 | D:4      | Noticed Edmund
  3649 | D:4      | Killed Edmund
  4530 | D:4      | Reached XP level 7. HP: 47/55 MP: 7/7
  4883 | D:5      | Entered Level 5 of the Dungeon
  5199 | D:5      | Reached skill level 5 in Fighting
  5234 | D:5      | Noticed Dowan
  5235 | D:5      | Noticed Duvessa
  5237 | D:5      | Killed Dowan
  5242 | D:5      | Killed Duvessa
  5381 | D:5      | Noticed Ijyb
  5397 | D:5      | Killed Ijyb
  5976 | D:5      | Reached skill level 5 in Armour
  5976 | D:5      | Reached skill level 5 in Shields
  5976 | D:5      | Gained mutation: You are completely covered in yellow
                  | scales. (AC +4, rCorr) [demonic ancestry]
  5976 | D:5      | Reached XP level 8. HP: 61/63 MP: 8/8
  6145 | D:5      | Got a dazzling hand axe
  6151 | D:5      | Identified the cursed +3 hand axe of Vumitu {chop, *Contam
                  | +Rage rElec rN+} (You found it on level 5 of the Dungeon)
  6604 | D:6      | Found a sacrificial altar of Ru.
  6616 | D:6      | Became a worshipper of Ru the Awakened
  6823 | D:7      | Reached skill level 5 in Axes
  7142 | D:7      | Reached XP level 9. HP: 62/71 MP: 9/9
  7206 | D:7      | Found an iron altar of Okawaru.
  7223 | D:7      | Fell from the grace of Ru
  7223 | D:7      | Became a worshipper of Warmaster Okawaru
  7370 | D:7      | Found an opulent altar of Gozag.
  7482 | D:7      | Got a twisted cloak
  7484 | D:7      | Identified the cursed +0 cloak "Edutula" {Dex+4} (You found
                  | it on level 7 of the Dungeon)
  7707 | D:7      | Found a staircase to the Ecumenical Temple.
  7993 | D:8      | Found a staircase to the Lair.
  7993 | D:8      | Noticed a death yak
  7993 | D:8      | Noticed a death yak
  7993 | D:8      | Noticed a death yak
  7993 | D:8      | Noticed a death yak
  7993 | D:8      | Noticed a death yak
  7993 | D:8      | Noticed a death yak
  7993 | D:8      | Noticed a death yak
  7993 | D:8      | Noticed a death yak
  7993 | D:8      | Noticed a death yak
  8007 | D:7      | Slain by a death yak

Vault maps used:
D:1:      mainiacjoe_arrival_reflecting_pool, kennysheep_flooded_box,
          kennysheep_doodads, minmay_misc_feat_roman,
          chequers_serial_rivers_marsh
D:2:      tgw_xom, led_sif_pool, serial_undead, serial_undead_b,
          serial_undead_e, serial_undead_a, serial_undead_d,
          uniq_crazy_yiuf_cottage, uniq_terence
D:3:      vehumet_crystals, first_ration
D:4:      serial_shops, nicolae_shop_window_shopping, uniq_edmund
D:5:      uniq_duvessa, uniq_ijyb
D:6:      nicolae_ru_sacrificial_ziggurat, supply_closet_lemuel
D:7:      okawaru_trees_1, lemuel_crystal_altar, minmay_temple_entry_slanted,
          serial_curves, eino_curves_04, eino_curves_01, eino_curves_02,
          grunt_livestock, minmay_mini_ossuary
D:8:      dpeg_lair_monsters, minmay_fire_ice_demons

Skill      XL: |  1  2  3  4  5  6  7  8  9 |
---------------+----------------------------+-----
Axes           | 2 3 4 5 |  5.8
Shields        | 3 4 5 6 |  6.1
Armour         | 3 4 5 6 |  6.2
Fighting       | 4 5 6 |  6.8

Action                   |  1- 3 |  4- 6 |  7- 9 || total
-------------------------+-------+-------+-------++-------
Melee: War axe           |   138 |   233 |   149 ||   520
       Hand axe          |       |       |   151 ||   151
  Use: Scroll            |       |     1 |    10 ||    11
       Potion            |       |       |     1 ||     1
  Eat: Chunk             |    10 |    13 |    11 ||    34
Armor: Scale mail        |   103 |    57 |       ||   160
       Chain mail        |       |    55 |   151 ||   206
Dodge: Dodged            |    54 |    81 |    67 ||   202
Block: Shield            |    92 |   112 |   177 ||   381

Table legend:
 A = Non-vault XP
 B = Vault XP
 C = Vault XP percentage of total XP
 D = Non-vault monster count
 E = Vault monster count
 F = Vault count percentage of total count
                 A         B        C        D         E       F
            +---------+---------+-------+---------+---------+-------
      Total |    2117 |    1073 |  33.6 |     137 |      20 |  12.7
            +---------+---------+-------+---------+---------+-------
        D:1 |      37 |       0 |   0.0 |      21 |       0 |   0.0
        D:2 |     104 |      45 |  30.2 |      23 |       6 |  20.7
        D:3 |      97 |       0 |   0.0 |      16 |       0 |   0.0
        D:4 |     395 |     100 |  20.2 |      21 |       1 |   4.5
        D:5 |     620 |     146 |  19.1 |      15 |       3 |  16.7
        D:6 |     357 |       0 |   0.0 |      16 |       0 |   0.0
        D:7 |     485 |     782 |  61.7 |      24 |      10 |  29.4
        D:8 |      22 |       0 |   0.0 |       1 |       0 |   0.0
            +---------+---------+-------+---------+---------+-------
